[Event "NSV chessemy IM 2022"]
[Site "Braunschweig"]
[Date "2022.07.30"]
[Round "1.1"]
[White "Knuedel, Torben"]
[Black "Brynell, Stellan"]
[Result "1/2-1/2"]
[ECO "C15"]
[WhiteElo "2210"]
[BlackElo "2387"]
[Annotator "TA"]
[PlyCount "71"]
[EventDate "2022.07.30"]
[EventType "tourn"]
[EventCountry "GER"]
[SourceTitle "playchess.com"]
[Source "ChessBase"]
[SourceQuality "1"]
[TimeControl "40/5400+30:1800+30"]

1. e4 e6 2. d4 d5 3. Nc3 Bb4 4. Nge2 dxe4 5. a3 Be7 6. Nxe4 Nf6 7. N2g3 {[%emt 0:00:17] 7.Nxf6+ is the modern continuation.} Bd7 {[%emt 0:14:32] C15: French: 3 Nc3 Bb4: Unusual White 4th moves.} 8. Nxf6+ Bxf6 9. Nh5 Bc6 {[%emt 0:01:47] White is slightly better.} 10. Nxf6+ Qxf6 11. Be3 Nd7 {[%emt 0:02:28] [#]} 12. Qh5 $146 ({Predecessor:} 12. Qd2 h6 13. O-O-O O-O-O 14. Qa5 Kb8 15. f3 Nb6 16. c4 Bxf3 17. Rd2 Be4 18. Be2 {0-1 (58) Mahia,G-Soppe,G (1930) Chacabuco 1980}) 12... Qg6 13. Qxg6 hxg6 14. f3 b6 15. Kf2 Bb7 16. b4 a5 17. Be2 Ke7 18. bxa5 (18. Bd3 $16) 18... Rxa5 $11 19. Bd2 Ra7 20. Bb4+ c5 21. dxc5 bxc5 22. Bc3 f6 23. a4 g5 24. a5 Ba6 25. Bxa6 (25. h3 {is interesting.} Kd6 26. Rhd1+ Kc7 27. Bd3) 25... Rxa6 26. g3 e5 27. Rab1 Kd6 28. h4 gxh4 29. Rxh4 Rxh4 30. gxh4 {[%emt 0:00:03][%mdl 4096] Endgame Black should prevent Rg1. KRB-KRN} Ra7 31. f4 exf4 {[%emt 0:01:37] The position is equal.} 32. Kf3 Ne5+ 33. Kxf4 g5+ $1 34. hxg5 fxg5+ 35. Kxg5 {[%emt 0:01:23] [#] And now Rd1+ would win.} Nc4 36. Kf4 {[%emt 0:05:45] Weighted Error Value: White=0.11 (very precise) /Black=0.10 (very precise)} 1/2-1/2

[Event "NSV chessemy IM 2022"]
[Site "Braunschweig"]
[Date "2022.07.30"]
[Round "1.2"]
[White "Colbow, Collin"]
[Black "Pubantz, Jan"]
[Result "1-0"]
[ECO "B13"]
[WhiteElo "2325"]
[BlackElo "2269"]
[Annotator "TA"]
[PlyCount "99"]
[EventDate "2022.07.30"]
[EventType "tourn"]
[EventCountry "GER"]
[SourceTitle "playchess.com"]
[Source "ChessBase"]
[SourceQuality "1"]
[TimeControl "40/5400+30:1800+30"]

1. e4 c6 2. d4 d5 3. exd5 cxd5 4. c4 Nf6 5. Nc3 Nc6 6. Nf3 a6 7. cxd5 {[%emt 0:09:40] The main line 7.cxd5 scores better than 7.Bg5.} Nxd5 8. Bc4 {[%emt 0:06:14] B13: Caro-Kann: Exchange Variation and Panov-Botvinnik Attack.} Be6 {[%emt 0:00:49] [#] White must now prevent ...Nxc3.} 9. Bd3 $146 ({Predecessor:} 9. Bb3 Nxc3 10. bxc3 Bxb3 11. axb3 e6 12. Bg5 Be7 13. Bxe7 Qxe7 14. O-O O-O 15. Re1 Rfd8 {½-½ (84) Giri,A (2764)-Grischuk,A (2777) chess24.com INT 2020}) 9... g6 10. Ng5 {[%emt 0:06:50] The position is equal.} Qd7 11. O-O Nxd4 {[%emt 0:16:37] [#]} (11... Bg7 {is interesting.} 12. Nxe6 fxe6 13. Be3 O-O) 12. Bxg6 $1 Nxc3 ({Not} 12... fxg6 13. Qxd4 Nf6 14. Qb6 $16) (12... hxg6 {seems wilder.} 13. Qxd4 Rh5 14. g4 Nxc3 15. Qxd7+ Bxd7 16. gxh5 Ne2+) 13. Bxf7+ $1 ({Of course not} 13. bxc3 hxg6 14. cxd4 Bd5 $17) 13... Bxf7 14. bxc3 Nb3 {[%emt 0:25:44] aiming for ...Qxd1.} 15. Qxd7+ (15. axb3 {is interesting.} Qxd1 16. Rxd1 Bxb3 17. Re1) 15... Kxd7 16. Nxf7 (16. Rd1+ {keeps more tension.} Ke8 17. axb3 Bxb3 18. Re1) 16... Nxa1 17. Nxh8 {[%emt 0:00:05] Strongly threatening Nf7.} Bg7 (17... Ke8 $1 $11 18. Rd1 Bg7) 18. Nf7 (18. Bd2 $5 ) 18... Bxc3 19. Ng5 b5 20. Rd1+ Ke8 21. Nxh7 b4 22. Ng5 a5 23. Ne4 Bh8 24. Bd2 Rc8 25. Kf1 Nc2 26. Rb1 Rc4 (26... a4 $5 27. Bc1 (27. Bxb4 Rb8 $17) 27... b3 28. axb3 a3 29. Bxa3 Nxa3 $15) 27. f3 a4 28. Ke2 {[%emt 0:00:13] Threatens to win with Kd3.} b3 (28... Rc8 $1 $11) 29. axb3 $16 Rxe4+ {[%emt 0:00:30][%mdl 8192] This move loses the game for Black.} 30. fxe4 {[%emt 0:00:23][%mdl 4096] Endgame KRB-KBN} a3 31. Kd3 Nd4 32. Bc3 a2 33. Ra1 Nxb3 34. Bxh8 {[%emt 0:00:09] White mates.} Nxa1 35. Bxa1 $18 {[%emt 0:01:47] KB-KPP} Kf7 36. Kc4 Kg6 37. g3 Kg5 38. h3 Kg6 39. Kb3 Kf7 40. Kxa2 {[%emt 0:00:00] KB-KP} Ke6 41. Kb3 Kf7 42. Kc4 Ke6 43. Kc5 Kf7 44. Kd5 Ke8 45. Ke6 Kf8 46. Bb2 Ke8 47. Ba3 Kf8 48. Bxe7+ Ke8 49. Bd6 Kd8 50. h4 {[%emt 0:00:06] Weighted Error Value: White=0.08 (flawless) /Black=0.42} 1-0

[Event "NSV chessemy IM 2022"]
[Site "Braunschweig"]
[Date "2022.07.30"]
[Round "1.3"]
[White "von Mettenheim, Johannes"]
[Black "Sriram, Jha"]
[Result "1/2-1/2"]
[ECO "D15"]
[WhiteElo "2253"]
[BlackElo "2361"]
[Annotator "TA"]
[PlyCount "80"]
[EventDate "2022.07.30"]
[EventType "tourn"]
[EventCountry "GER"]
[SourceTitle "playchess.com"]
[Source "ChessBase"]
[SourceQuality "1"]
[TimeControl "40/5400+30:1800+30"]

1. d4 d5 2. c4 c6 3. Nc3 Nf6 4. Nf3 a6 5. e3 b5 6. b3 Bg4 7. Bb2 {[%emt 0:08:15] 7.a4 is the modern continuation. D15: Slav Defence: 4 Nc3 a6 and gambit lines after 4 Nc3 dxc4.} e6 8. Bd3 Nbd7 9. cxd5 {[%emt 0:00:43] White is slightly better.} cxd5 10. O-O Be7 11. Qe2 O-O {[%emt 0:04:42] [#]} 12. a4 $146 ({Predecessor:} 12. h3 Bh5 13. g4 Bg6 14. a3 Ne4 15. Nd2 Nxd2 16. Qxd2 Bxd3 17. Qxd3 Rc8 18. Ne2 {0-1 (25) Rothman,S (1921)-Toma,A ICCF email 2002}) 12... b4 13. Nb1 Ne4 14. Bxa6 Bd6 {[%emt 0:00:42][%cal Oa8a6] Strongly threatening ...Rxa6!} 15. Bd3 (15. Bb5 $15) 15... f5 $1 $17 {[%emt 0:00:18] aiming for ...Qf6.} 16. h3 Bh5 17. Rc1 Rf6 (17... f4 $5 18. Nbd2 Nxd2 19. Qxd2 Bxf3 20. gxf3 Qg5+ 21. Kf1 (21. Kh1 Rf6 $17) 21... Qh5 $15) 18. Nbd2 Nxd2 $1 19. Qxd2 Bxf3 20. gxf3 Rg6+ (20... Rh6 $1 $15 21. Kf1 Rxh3) 21. Kf1 $1 $14 Qh4 (21... Qg5 22. Ke2 $16) 22. Rc6 Qxh3+ (22... Nf6 $1 $14) 23. Ke2 $16 Qh2 (23... e5 $2 24. dxe5 Nxe5 25. Bxe5 Bxe5 26. Rxg6 Bxa1 27. Ra6 $18) 24. Rf1 $1 $36 {[%emt 0:00:48][%mdl 2048] White is in control.} Nf6 25. Qc1 (25. Bc1 $16) 25... Rg2 $1 $11 26. Rc8+ Rxc8 27. Qxc8+ Kf7 {[%emt 0:00:05] Threatens to win with ...Bg3.} 28. Ke1 $2 (28. Bc1 $11) 28... Bg3 $1 $19 29. Qc2 f4 $2 {[%emt 0:00:52] [#]} ({Better is} 29... g5 $1 $19 {[%cal Rg5g4] White must now prevent ...g4.} 30. Kd1 g4) 30. Qc7+ (30. Bc1 $1 $16) 30... Kf8 31. Qc5+ Kf7 32. Qc7+ Kg8 {[%emt 0:02:18] ...Kh8 is the strong threat.} 33. Qc8+ Kf7 34. Qc7+ Kg8 35. Qc8+ Kf7 36. Qc7+ Kf8 {[%emt 0:07:26] Hoping for ...Ne8.} 37. Qc2 $4 (37. Qd6+ $11 {and White has nothing to worry.} Kg8 38. Qd8+ (38. fxg3 Qxg3+ 39. Kd1 Rd2+ 40. Kc1 Rxd3 $11) (38. Qxe6+ Kh8 $17) 38... Kf7 39. Qc7+) 37... Kf7 $2 ({Black should try} 37... fxe3 $19 38. Kd1 (38. Qc8+ $2 Kf7 $19) 38... Rxf2 39. Rxf2 exf2 40. Qc8+ Ne8) 38. Bc1 $16 ({Don't play} 38. Qc7+ $6 Kf8 $11) 38... fxe3 39. Bxe3 Bf4 {[#] And now ...Bxe3 would win.} 40. Bxf4 (40. Bc1 $1 $16) 40... Qxf4 {White used his chance.  Weighted Error Value: White=0.61/Black=0.43} 1/2-1/2

[Event "NSV chessemy IM 2022"]
[Site "Braunschweig"]
[Date "2022.07.30"]
[Round "1.4"]
[White "Voege, Tobias"]
[Black "Sumets, Andrey"]
[Result "1-0"]
[ECO "E61"]
[WhiteElo "2272"]
[BlackElo "2542"]
[Annotator "TA"]
[PlyCount "150"]
[EventDate "2022.07.30"]
[EventType "tourn"]
[EventCountry "GER"]
[SourceTitle "playchess.com"]
[Source "ChessBase"]
[SourceQuality "1"]
[TimeControl "40/5400+30:1800+30"]

1. d4 Nf6 2. c4 g6 3. Nc3 Bg7 4. Nf3 d6 5. Bg5 O-O 6. e3 c5 7. d5 $1 {[%emt 0:00:34][%mdl 4] is currently scoring better than 7.Be2.} h6 8. Bh4 e5 (8... g5 $11 9. Bg3 Bf5) 9. Nd2 $16 {[%emt 0:08:14] E61: King's Indian: Early deviations for White, including Smyslov System.} Na6 10. Be2 {[%emt 0:03:49] [#]} g5 $146 ({Predecessor:} 10... Qd7 11. a3 Nh7 12. g4 Nc7 13. h3 a6 14. Na4 Rb8 15. Nb6 Qe8 16. Ne4 g5 {1-0 (30) Speelman,J (2600)-Arencibia Rodriguez,W (2550) Salamanca 1998}) 11. Bg3 {[%emt 0:00:09] White is better.} Ne8 12. Qc2 f5 {[%emt 0:01:32] [#]} 13. f3 $1 {[%emt 0:01:15] White is more active.} Nf6 14. O-O-O Bd7 15. h4 Qe7 (15... Nb4 $16 16. Qb1 Ne8) 16. hxg5 $18 hxg5 17. a3 Qf7 18. Bd3 Ne8 (18... Qg6 {was worth a try.} 19. Bf2 Rae8) 19. Bf2 {[%emt 0:28:31][%cal Og2g4] Black must now prevent g4!} Nac7 $2 (19... Qe7 {is a better defense.} 20. Nf1 Nac7) 20. g4 b5 (20... e4 $2 21. fxe4 fxg4 {[#]} 22. e5 $1 Bxe5 23. Bh7+ Kg7 24. Nce4 $18) 21. gxf5 bxc4 22. Be4 {[%emt 0:02:38] f6 is the strong threat.} Bxf5 23. Rdg1 Bxe4 24. Qxe4 {[%emt 0:03:16][%csl Gh1][%cal Re4h7] Really sharp!} Qf5 {[%emt 0:00:10] Prevents Qh7+.} 25. Qxf5 (25. Nxc4 Qxe4 26. Nxe4 Rxf3 $16) 25... Rxf5 26. e4 Rf6 27. Be3 (27. Rxg5 Kf8 28. Rf5 (28. Nxc4 Bh6 $14) 28... Rxf5 29. exf5 Bf6) 27... Rb8 28. Bxg5 ({Resist} 28. Nxc4 $6 Rxf3 29. Bxg5 (29. Rxg5 Na8 $16) 29... Rb7 $18) (28. Rxg5 $6 a6 29. Rh4 (29. Nxc4 Rxf3 30. Rhg1 Rd8 $16) 29... Kf7 $18) 28... Rf7 29. Rh3 Nb5 30. Nxb5 Rxb5 31. Nxc4 Rfb7 (31... Rb3 $142 32. Bh6 a6) 32. Bh6 Rf7 33. Rg6 Rf6 34. Rxf6 Bxf6 35. Kc2 Rb7 36. Rg3+ Kh8 37. Be3 Rh7 (37... Kh7 {was necessary.} 38. f4 exf4 39. Bxf4 Re7) 38. b4 cxb4 39. axb4 Rf7 40. Kb3 Kh7 (40... a6 $142 41. f4 exf4 42. Bxf4 Be7) 41. f4 exf4 42. Bxf4 Be7 43. Rg4 Bf8 44. Ka4 Rc7 45. Kb3 (45. Rh4+ $18 Kg8 46. Kb3) 45... Rd7 $2 (45... Rf7 $1 $11 {and Black has nothing to worry.}) 46. Rh4+ Kg8 47. Na5 Be7 48. Rh1 Bd8 49. Nc6 Bb6 50. Rh6 {[%emt 0:01:06] Against Nf6} a6 51. Re6 Kf7 52. Nb8 Re7 (52... Rd8 $142 53. Nxa6 Ba7) 53. Rxe7+ Kxe7 54. Nxa6 {[%emt 0:01:30][%mdl 4096] Endgame KBN-KBN} Kd7 55. Kc4 Nf6 56. Kd3 Ng4 57. Bg3 Kc8 $2 (57... Ba7 58. Kc4 Ne3+ 59. Kb5 Nc2) 58. Bxd6 Nf2+ 59. Kc4 {[%emt 0:00:09] Hoping for Bc5.} Nxe4 60. Bf8 (60. Bf4 $142 Bf2 61. Kb5) 60... Bf2 61. Nc5 Nf6 62. Bd6 (62. Be7 $142 Nd7 63. Kb5 Bg3 64. Ne4 Be5 65. d6 Bh2 66. Bg5 Bg1 67. Kc6) 62... Ng4 63. Bf4 Be3 64. Bg3 {[%emt 0:00:21] White wants to mate with d6.} Nf6 65. Bh4 Ne8 66. Bg3 (66. Kb5 $18 Bd2 67. Bg3) 66... Nf6 $1 67. d6 {[%emt 0:00:21] White mates.} Bd2 68. Bh4 Nd7 69. Nxd7 Kxd7 {[%emt 0:00:04] KB-KB} 70. Bg3 Bc1 71. Kd5 Be3 72. b5 Bb6 73. Be1 Be3 74. Bb4 Bb6 75. Bc5 Ke8 {[%emt 0:09:23] Weighted Error Value: White=0.31/Black=0.54} 1-0

[Event "NSV chessemy IM 2022"]
[Site "Braunschweig"]
[Date "2022.07.30"]
[Round "1.5"]
[White "Chennaoui, Yasin"]
[Black "Fischer, Daniel"]
[Result "0-1"]
[ECO "A09"]
[WhiteElo "2127"]
[BlackElo "2351"]
[Annotator "TA"]
[PlyCount "148"]
[EventDate "2022.07.30"]
[EventType "tourn"]
[EventCountry "GER"]
[SourceTitle "playchess.com"]
[Source "ChessBase"]
[SourceQuality "1"]
[TimeControl "40/5400+30:1800+30"]

1. Nf3 d5 2. c4 d4 3. g3 Nc6 4. Bg2 e5 5. d3 a5 6. O-O Nf6 7. Na3 Bc5 {[%emt 0:00:40] A09: Réti Opening: 1 Nf3 d5 2 c4.} (7... Bxa3 $5 8. bxa3 O-O $11) 8. Nc2 O-O 9. a3 Re8 {[%emt 0:03:32] Black is slightly better.} 10. Rb1 a4 11. Bd2 {[%emt 0:00:13] [#]} e4 $146 ({Predecessor:} 11... Qd6 12. Ng5 h6 13. Ne4 Nxe4 14. dxe4 Be6 15. Ne1 Bxc4 16. Nd3 Bxd3 17. exd3 b5 {1-0 (46) Novikov,E (2276)-Kornyukov,A (2452) Chess.com INT 2021}) 12. dxe4 Nxe4 13. Bb4 Bb6 14. c5 Nxc5 {[%emt 0:02:59] Threatens to win with ...Ne4.} 15. Ncxd4 Nxb4 16. axb4 Ne4 17. Ra1 Bd7 {[%emt 0:02:08] Black is more active.} 18. e3 Qe7 19. Nd2 Nd6 ({Better is} 19... Bxd4 $17 20. exd4 Nf6 21. Bxb7 Rad8) 20. Nb1 Nc4 21. Na3 {[%emt 0:11:59] [#]} Nxe3 22. fxe3 Qxe3+ 23. Kh1 {[%emt 0:00:08] Strongly threatening Nc4.} Qxd4 ({Much less strong is} 23... Bxd4 24. Nc2 Qb3 25. Qxd4 $16 (25. Nxd4 Qxb4 26. Nc2 Qd6 $18)) 24. Qxd4 Bxd4 {[%emt 0:00:02] This bishop pair is nice.} 25. Rad1 Bxb2 26. Nc4 $2 {[%emt 0:00:21][%mdl 8192] Now White is beyond hope.} ({Only move:} 26. Rxd7 $15 Bxa3 27. Bxb7) 26... Bb5 $19 27. Nxb2 Bxf1 28. Bxf1 a3 29. Nc4 a2 30. Ra1 Re4 31. b5 Rd4 32. Kg1 g6 33. Kf2 Ra4 34. b6 (34. Ke1 $142) 34... cxb6 {[%emt 0:02:38] [#] aiming for ...b5.} ({Don't go for} 34... Raxc4 $2 35. Bxc4 Rxc4 36. bxc7 $19) 35. Nxb6 Rab4 {[%emt 0:00:23] Hoping for ...Rd2+.} 36. Nc4 {[%emt 0:01:21] Inhibits Rd2+.} Rdxc4 37. Bxc4 Rxc4 38. Rxa2 {[%emt 0:00:05][%mdl 4096] Endgame KR-KR} Rb4 {[%emt 0:02:29] Prevents Rb2.} 39. Kf3 Kg7 40. h4 $2 (40. Ke2) 40... h5 41. Ra3 Kf6 42. Re3 Kf5 43. Rd3 Rb1 44. Rd5+ Ke6 45. Rd8 (45. Rd4 $142) 45... b5 46. Kf4 b4 47. Re8+ Kd5 48. Rd8+ Kc4 49. Rc8+ Kd3 50. Rd8+ Kc3 51. Rc8+ Kb2 52. Kg5 Rf1 {[%emt 0:00:23] ( -> ...b3)} 53. g4 Rg1 {[%emt 0:00:31] Black mates.} 54. Kf6 Rxg4 55. Kxf7 b3 56. Rc6 Ka3 57. Ra6+ Ra4 58. Rxg6 Rxh4 59. Rg3 Ka2 60. Kf6 b2 61. Rg2 Ka1 62. Kg5 Rg4+ 63. Rxg4 hxg4 {[%emt 0:00:04] KP-KP} 64. Kf4 b1=Q 65. Kxg4 Qf1 66. Kg5 Kb2 67. Kg4 Kc3 68. Kg5 Kd4 69. Kg4 Ke4 70. Kg5 Qf5+ 71. Kh6 Qg4 72. Kh7 Kf5 73. Kh8 Kf6 74. Kh7 Qg7# {[%emt 0:01:33] Weighted Error Value: White=0.51/Black=0.15 (very precise)} 0-1

[Event "NSV chessemy IM 2022"]
[Site "Braunschweig"]
[Date "2022.07.31"]
[Round "2.1"]
[White "Brynell, Stellan"]
[Black "Fischer, Daniel"]
[Result "1/2-1/2"]
[ECO "D30"]
[WhiteElo "2387"]
[BlackElo "2351"]
[Annotator "RC"]
[PlyCount "47"]
[EventDate "2022.07.30"]
[EventType "tourn"]
[EventCountry "GER"]
[SourceTitle "playchess.com"]
[Source "ChessBase"]
[SourceQuality "1"]
[TimeControl "40/5400+30:1800+30"]

1. d4 Nf6 2. Nf3 d5 3. c4 e6 4. Bg5 dxc4 5. Qa4+ c6 6. Qxc4 b5 7. Qc2 Bb7 8. e3 Be7 9. Be2 Nbd7 10. O-O h6 11. Bh4 O-O 12. Nbd2 Rc8 13. Nb3 Qb6 14. Ne5 g5 15. Nxd7 Nxd7 16. Bg3 c5 17. dxc5 Nxc5 18. Rac1 Be4 19. Qd2 Nxb3 20. axb3 Bf6 21. Rxc8 Rxc8 22. Qd7 Rd8 23. Qxb5 Qxb5 24. Bxb5 1/2-1/2

[Event "NSV chessemy IM 2022"]
[Site "Braunschweig"]
[Date "2022.07.31"]
[Round "2.2"]
[White "Sumets, Andrey"]
[Black "Chennaoui, Yasin"]
[Result "1-0"]
[ECO "A54"]
[WhiteElo "2542"]
[BlackElo "2127"]
[Annotator "RC"]
[PlyCount "153"]
[EventDate "2022.07.30"]
[EventType "tourn"]
[EventCountry "GER"]
[SourceTitle "playchess.com"]
[Source "ChessBase"]
[SourceQuality "1"]
[TimeControl "40/5400+30:1800+30"]

1. d4 Nf6 2. c4 d6 3. Nf3 Nbd7 4. Nc3 e5 5. Bg5 Be7 6. e3 O-O 7. Be2 c6 8. O-O a6 9. Qc2 b5 10. Rfd1 Qc7 11. Rac1 b4 12. Ne4 Re8 13. Nxf6+ Bxf6 14. Bxf6 Nxf6 15. c5 e4 16. cxd6 Qxd6 17. Ne5 Be6 18. Qxc6 Qxc6 19. Nxc6 Bxa2 20. Nxb4 Bb3 21. Re1 a5 22. Nc6 a4 23. Bb5 a3 24. bxa3 Rxa3 25. Ne7+ Rxe7 26. Rc8+ Ne8 27. Bxe8 g6 28. d5 Rea7 29. d6 Be6 30. d7 Ra1 31. Kf1 Ra8 32. Rxa1 Rxa1+ 33. Ke2 Ra2+ 34. Ke1 Ra1+ 35. Kd2 Ra2+ 36. Kc1 Bxd7 37. Bxd7+ Kg7 38. Rc2 Ra1+ 39. Kb2 Rh1 40. h3 Rg1 41. g3 f5 42. g4 fxg4 43. Bxg4 h5 44. Bc8 g5 45. Kc3 g4 46. hxg4 hxg4 47. Bf5 g3 48. fxg3 Rxg3 49. Kd4 Kf6 50. Bxe4 Rg1 51. Rc6+ Ke7 52. Bd5 Kd7 53. Rh6 Ke7 54. e4 Rg4 55. Re6+ Kd7 56. Rf6 Ke7 57. Ke5 Rg5+ 58. Rf5 Rg7 59. Rf7+ Rxf7 60. Bxf7 Kxf7 61. Kd6 Ke8 62. Ke6 Kd8 63. Kf7 Kd7 64. e5 Kd8 65. e6 Kc7 66. e7 Kd7 67. e8=Q+ Kd6 68. Qe4 Kc5 69. Qd3 Kc6 70. Qd4 Kc7 71. Ke6 Kc6 72. Qc4+ Kb6 73. Kd6 Kb7 74. Qb5+ Kc8 75. Qd7+ Kb8 76. Kc6 Ka8 77. Qb7# 1-0

[Event "NSV chessemy IM 2022"]
[Site "Braunschweig"]
[Date "2022.07.31"]
[Round "2.3"]
[White "Sriram, Jha"]
[Black "Voege, Tobias"]
[Result "1/2-1/2"]
[ECO "E11"]
[WhiteElo "2361"]
[BlackElo "2272"]
[Annotator "RC"]
[PlyCount "81"]
[EventDate "2022.07.30"]
[EventType "tourn"]
[EventCountry "GER"]
[SourceTitle "playchess.com"]
[Source "ChessBase"]
[SourceQuality "1"]
[TimeControl "40/5400+30:1800+30"]

1. d4 e6 2. c4 Bb4+ 3. Bd2 a5 4. Nf3 d5 5. Qc2 Nf6 6. g3 dxc4 7. Qxc4 Nc6 8. Nc3 O-O 9. Bg2 Re8 10. O-O e5 11. dxe5 Nxe5 12. Nxe5 Rxe5 13. Bf4 Rc5 14. Qb3 Be6 15. Qc2 c6 16. Rfd1 Qe8 17. e4 Bxc3 18. bxc3 b5 19. Bd6 Rc4 20. Rd4 Nd7 21. Bf1 Rxd4 22. cxd4 Nb6 23. Bc5 Nc4 24. a4 f5 25. axb5 cxb5 26. d5 Bf7 27. Bxc4 bxc4 28. Qxc4 fxe4 29. Qd4 Qd7 30. d6 e3 31. Qxe3 Bd5 32. Qg5 Bc6 33. Bd4 h6 34. Qe7 Qxe7 35. dxe7 Kf7 36. Rc1 Be8 37. Bc5 Rc8 38. Rc3 Kg6 39. Bb4 Rxc3 40. Bxc3 Kf7 41. Bxa5 1/2-1/2

[Event "NSV chessemy IM 2022"]
[Site "Braunschweig"]
[Date "2022.07.31"]
[Round "2.4"]
[White "Pubantz, Jan"]
[Black "von Mettenheim, Johannes"]
[Result "0-1"]
[ECO "E36"]
[WhiteElo "2269"]
[BlackElo "2253"]
[Annotator "RC"]
[PlyCount "118"]
[EventDate "2022.07.30"]
[EventType "tourn"]
[EventCountry "GER"]
[SourceTitle "playchess.com"]
[Source "ChessBase"]
[SourceQuality "1"]
[TimeControl "40/5400+30:1800+30"]

1. d4 Nf6 2. c4 e6 3. Nc3 Bb4 4. Qc2 d5 5. a3 Bxc3+ 6. Qxc3 O-O 7. Nf3 dxc4 8. Qxc4 b6 9. h4 Ba6 10. Qc2 c5 11. dxc5 Nbd7 12. c6 Rc8 13. b4 Nb8 14. Qb2 Qd5 15. a4 Nxc6 16. Bg5 Qe4 17. Bd2 Nd5 18. Qb1 Qxb1+ 19. Rxb1 Nce7 20. e3 Bxf1 21. Rxf1 Nc3 22. Bxc3 Rxc3 23. Kd2 Rfc8 24. Rfc1 Nd5 25. b5 Rxc1 26. Rxc1 Rxc1 27. Kxc1 Nc3 28. Nd4 Nxa4 29. Nc6 Kf8 30. Kc2 Ke8 31. f3 Kd7 32. Nxa7 Kd6 33. Kb3 Nc5+ 34. Kc4 Nd7 35. Kd4 Nb8 36. Nc8+ Kc7 37. Ne7 Kd8 38. Ng8 Nd7 39. h5 Ke8 40. h6 Kf8 41. Ne7 Kxe7 42. hxg7 Nf6 43. e4 Ng8 44. f4 f6 45. e5 f5 46. Ke3 Kf7 47. Kf3 Nh6 48. Kg3 Kxg7 49. Kh4 Kg6 50. g3 Ng4 51. Kh3 Nf2+ 52. Kh4 h5 53. g4 hxg4 54. Kg3 Ne4+ 55. Kh4 Nc3 56. Kg3 Nxb5 57. Kh4 Nc7 58. Kg3 b5 59. Kh4 b4 0-1

[Event "NSV chessemy IM 2022"]
[Site "Braunschweig"]
[Date "2022.07.31"]
[Round "2.5"]
[White "Knuedel, Torben"]
[Black "Colbow, Collin"]
[Result "0-1"]
[ECO "B45"]
[WhiteElo "2210"]
[BlackElo "2325"]
[Annotator "RC"]
[PlyCount "72"]
[EventDate "2022.07.30"]
[EventType "tourn"]
[EventCountry "GER"]
[SourceTitle "playchess.com"]
[Source "ChessBase"]
[SourceQuality "1"]
[TimeControl "40/5400+30:1800+30"]

1. e4 c5 2. Nf3 e6 3. d4 cxd4 4. Nxd4 Nc6 5. Nc3 Nf6 6. Ndb5 Bb4 7. a3 Bxc3+ 8. Nxc3 d5 9. Bd3 dxe4 10. Nxe4 Nxe4 11. Bxe4 Qxd1+ 12. Kxd1 Bd7 13. Be3 f5 14. Bf3 e5 15. Kc1 Rc8 16. Re1 Kf7 17. b3 f4 18. Bd5+ Kf6 19. Bc5 Bf5 20. Bd6 Rhd8 21. Bxc6 Rxd6 22. Be4 Rcd8 23. Bxf5 Kxf5 24. Re2 Rd1+ 25. Kb2 Rxa1 26. Kxa1 Rd1+ 27. Kb2 Rh1 28. f3 Rxh2 29. c4 h5 30. c5 g5 31. Kc3 g4 32. fxg4+ hxg4 33. Kd3 g3 34. b4 f3 35. Re3 e4+ 36. Kd4 f2 0-1

[Event "NSV chessemy IM 2022"]
[Site "Braunschweig"]
[Date "2022.08.01"]
[Round "3.1"]
[White "Colbow, Collin"]
[Black "Brynell, Stellan"]
[Result "1/2-1/2"]
[ECO "C00"]
[WhiteElo "2325"]
[BlackElo "2387"]
[Annotator "TA"]
[PlyCount "162"]
[EventDate "2022.07.30"]
[EventType "tourn"]
[EventCountry "GER"]
[SourceTitle "playchess.com"]
[Source "ChessBase"]
[SourceQuality "1"]
[TimeControl "40/5400+30:1800+30"]

1. e4 e6 2. d3 d5 3. Qe2 dxe4 4. dxe4 e5 5. Nc3 c6 {[%emt 0:12:59] [#]} 6. Bd2 $146 {[%emt 0:01:44] C00: French: Unusual White 2nd moves.} ({Predecessor:} 6. Qh5 Bd6 7. Bc4 Qe7 8. Bg5 Nf6 9. Bxf6 Qxf6 10. O-O-O Bb4 11. Nge2 O-O 12. Kb1 {0-1 (55) Hadziselimovic,B (1948)-Burovic,R (2347) Zenica 2016}) 6... Bc5 7. O-O-O Qe7 8. f4 {[%emt 0:01:30] White is slightly better.} Nf6 9. f5 b5 10. g4 h6 11. h4 Nbd7 12. Qg2 h5 13. gxh5 Nxh5 14. Be2 Ndf6 (14... Nhf6 $1 $11) 15. Bg5 $14 a6 (15... Bd7 $14) 16. Rh3 Bd7 (16... Bb7 $16) 17. Bxh5 $18 Rxh5 18. Rhd3 $1 O-O-O 19. Nf3 Bb6 20. Qg3 Bc7 21. Qg1 {[%emt 0:02:13] Black must now prevent Qa7.} Kb7 {[%emt 0:00:00] Against Qa7+} 22. Bxf6 gxf6 23. Qg7 {[%emt 0:00:19] Threatens to win with Ne2.} Be8 $2 (23... Bb6 24. a3 a5) 24. Rxd8 Bxd8 25. Ne2 Bb6 26. Ng3 Be3+ 27. Kb1 Rh6 28. Rd3 (28. Nf1 $142 Bf4 29. N1h2 Bxh2 30. Qxh6) 28... Bf4 29. Ne2 Rh5 30. Qg4 Rh8 31. Nxf4 exf4 32. Qxf4 c5 33. Qd6 ({White should try} 33. a3 $18) 33... Qxd6 $16 34. Rxd6 {[%emt 0:00:00][%mdl 4096] Endgame KRB-KRN} Bc6 35. Rxf6 Bxe4 36. Rxf7+ Kb6 37. Ng5 Rxh4 38. Rf6+ Ka5 (38... Kb7 $16 39. b3 Bd5) 39. b3 $18 Rf4 40. Nxe4 Rxe4 {[%emt 0:00:06] KR-KR} 41. a3 (41. Rc6 $142) 41... Rf4 $16 {[%emt 0:02:07] [#]} 42. Kc1 ({Better is} 42. Rf8 $1 $16) 42... b4 43. axb4+ cxb4 $2 (43... Kxb4 $11 44. Kd2 (44. Rxa6 Kc3 $11) 44... c4) 44. Rf8 $2 (44. Kd2 $18) 44... Rf2 $1 $11 45. f6 {[%emt 0:00:12] And now f7 would win.} Kb6 46. Kd1 Kb7 47. Ke1 Rf5 48. Ke2 a5 49. Ke3 Rf1 50. Kd4 Rf2 51. Kd3 Ka7 52. Ke3 Rf1 53. Ke4 {[%emt 0:00:34] Strongly threatening Ke5.} Rf2 $1 54. f7 (54. Ke5 $14 Rxc2 55. Rh8 Re2+ 56. Kd5) 54... Kb7 55. Ke5 Re2+ 56. Kd5 Rd2+ 57. Ke5 Re2+ 58. Kd4 {[%emt 0:00:05] Intending Re8 and mate.} Rf2 {[%emt 0:00:07] [#]} 59. Kc5 $2 (59. c4 $1 $16 {[%cal Rc4c5] c5 is the strong threat.} bxc3 60. Kxc3) 59... Rxc2+ {[%emt 0:00:15] The position is equal.} 60. Kb5 {[%emt 0:00:03][%cal Of8b8] White wants to mate with Rb8+!} Rf2 61. Kxa5 Rf4 62. Kb5 Ka7 $1 63. Kc6 Rf1 64. Kd5 Kb7 65. Ke6 Re1+ $1 66. Kd6 {[%emt 0:00:05][%cal Of8b8] Threatening mate with Rb8+!} Rf1 67. Kc5 Rf4 $1 68. Kb5 Ka7 $1 69. Rc8 Rxf7 70. Kxb4 Kb7 71. Rc5 Rh7 72. Kb5 Rg7 73. b4 Rh7 74. Rg5 Rf7 75. Kc5 Rh7 76. b5 Rf7 77. b6 Rh7 78. Kb5 $1 Rf7 79. Rc5 Rh7 80. Rc7+ Rxc7 81. bxc7 Kxc7 {[%emt 0:00:00] Black defended with fortune.  Weighted Error Value: White=0.22 (precise) /Black=0.24 (precise)} 1/2-1/2